 Dungeon Crawl Stone Soup version 0.20.1-1-g8b1a95d (console) character file.

74 hilaritas the Slasher (level 4, -3/37 HPs)
             Began as a Barachi Berserker on Mar 17, 2018.
             Was a Believer of Trog.
             Slain by a scorpion (8 damage)
             ... on level 3 of the Dungeon.
             The game lasted 00:06:30 (2183 turns).

hilaritas the Slasher (Barachi Berserker)           Turns: 2183, Time: 00:06:30

Health: -3/37      AC:  8    Str: 19    XL:     4   Next: 30%
Magic:  4/4        EV: 11    Int:  8    God:    Trog [**....]
Gold:   65         SH:  0    Dex: 11    Spells: 3/3 levels left

rFire    . . .     SeeInvis .   j - -3 great sword (curse)
rCold    . . .     Gourm    .   (shield currently unavailable)
rNeg     . . .     Faith    .   k - +0 ring mail
rPois    .         Spirit   .   (no helmet)
rElec    .         Reflect  .   g - +0 cloak
rCorr    .         Harm     .   (no gloves)
MR       ++...                  h - +1 pair of boots
Stlth    +.........             (no amulet)
Regen    1.2/turn               (no ring)
MPRegen  0.1/turn               (no ring)

@: lethally poisoned (-3 -> -4), regenerating, slow
A: +LOS, swims, slowness 1, strong legs 1
a: Hop, Berserk, Trog's Hand, Burn Spellbooks, Renounce Religion


You were on level 3 of the Dungeon.
You worshipped Trog.
Trog was pleased with you.
You were not hungry.

You visited 1 branch of the dungeon, and saw 3 of its levels.

You collected 65 gold pieces.

Inventory:

Hand Weapons
 a - a +0 falchion
 e - a +0 dagger
 i - a +0 falchion
 j - a cursed -3 great sword (weapon)
Armour
 g - a +0 cloak (worn)
 h - a +1 pair of boots (worn)
 k - a +0 ring mail (worn)
Potions
 b - a potion of might
Comestibles
 c - 2 bread rations
 d - a meat ration
 f - 2 royal jellies


   Skills:
 + Level 4.0 Fighting
 * Level 5.8 Long Blades
 - Level 2.4 Armour
 - Level 2.1 Dodging


You had 3 spell levels left.
You didn't know any spells.

Dungeon Overview and Level Annotations

Branches:
Dungeon (3/15)

Altars:
Okawaru


Innate Abilities, Weirdness & Mutations

Shadows flee at your approach. (+LOS)
You can swim through water.
You cover ground slowly.
You can hop short distances.


Message History

The scorpion poisons you!
Okay, then.
Your skin crawls.
You feel resistant to hostile enchantments.
You feel somewhat more hungry.
You feel sick.
The scorpion stings you but does no damage.
You closely miss the scorpion.
The scorpion is heavily wounded.
You feel very sick. The scorpion barely misses you.
You hit the scorpion.
The scorpion is severely wounded.
You feel sick. The scorpion barely misses you.
You barely miss the scorpion.
The scorpion is severely wounded.
You feel the effects of Trog's Hand fading.
You feel very sick.
The scorpion stings you but does no damage.
The scorpion stings you!
You die...

### ... ####.# # #.... .#
######### #..#####.#
#.......###....#...#########
#..).....#s.......<..#
#.###.##.@.# #.##.# ###.#
#.###.## #.##.# #...# #.. ....
#.##.#### #.#.# #####.###
#.......# #.###.#.# ##+##
####.##.# #.....(.# ##...## #
#.##.# #.###.###
##.....###.####.##.# ##.##
##>......##......##.#
.####...####.........####...##.#
...........'.........'.......#.#
#####...####.........####...##.#


You could see a scorpion.

Vanquished Creatures
  3 adders
  An ooze (D:3)
  A leopard gecko (D:2)
  An orc (D:3)
  7 goblins
  A hobgoblin (D:1)
  7 jackals (D:1)
  4 kobolds
  2 quokkas
  A ball python (D:1)
  5 bats
  4 frilled lizards
  7 rats
44 creatures vanquished.

Notes
Turn   | Place    | Note
-------+----------+-------------------------------------------
     0 | D:1      | hilaritas the Barachi Berserker began the quest for the Orb.
     0 | D:1      | Reached XP level 1. HP: 18/18 MP: 1/1
   100 | D:1      | Reached skill level 4 in Long Blades
   180 | D:1      | Reached XP level 2. HP: 18/25 MP: 2/2
   784 | D:1      | Reached ** piety under Trog
   784 | D:1      | Reached XP level 3. HP: 26/30 MP: 3/3
  1152 | D:2      | Reached skill level 5 in Long Blades
  1795 | D:3      | Reached XP level 4. HP: 34/37 MP: 4/4
  1869 | D:3      | Found an iron altar of Okawaru.
  2183 | D:3      | Slain by a scorpion

Skill      XL: |  1  2  3 |
---------------+----------+-----
Long Blades    | 4 5 |  5.8
Fighting       | 4 |  4.0
Armour         | |  2.4
Dodging        | |  2.1

Action                   |  1- 3 |  4- 6 || total
-------------------------+-------+-------++-------
Melee: Falchion          |   117 |    18 ||   135
       Great sword       |       |    15 ||    15
Invok: Trog's Hand       |       |     1 ||     1
  Use: Scroll            |     3 |     1 ||     4
  Eat: Chunk             |     3 |       ||     3
       Royal jelly       |       |     1 ||     1
Armor: Animal skin       |    30 |       ||    30
       Ring mail         |    18 |    10 ||    28
Dodge: Dodged            |    91 |    20 ||   111
       Rpst.: Falchion   |    37 |     4 ||    41
       Great sword       |       |     3 ||     3
